 Dungeon Crawl Stone Soup version 0.22-a0-618-gd6a3efe (webtiles) character file.

1489 Amnesiac the Digger (level 8, -8/52 HPs)
             Began as a Mummy Earth Elementalist on July 13, 2018.
             Was a Priest of Dithmenos.
             Killed from afar by an electric eel (12 damage)
             ... with a bolt of electricity
             ... on level 6 of the Dungeon.
             The game lasted 00:10:16 (5905 turns).

Amnesiac the Digger (Mummy Earth Elementalist)      Turns: 5905, Time: 00:10:17

Health: -8/52      AC:  2    Str: 11    XL:     8   Next: 51%
Magic:  11/19      EV: 15    Int: 16    God:    Dithmenos [***...]
Gold:   356        SH:  4    Dex: 13    Spells: 15/22 levels left

rFire    x . .     SeeInvis .   a - +2 hunting sling (freeze)
rCold    + . .     Gourm    .   (no shield)
rNeg     + + +     Faith    .   o - +0 robe
rPois    ∞         Spirit   .   (no helmet)
rElec    .         Reflect  +   (no cloak)
rCorr    .         Harm     .   (no gloves)
MR       +....                  (no boots)
Stlth    ++........             p - +4 amulet of reflection
HPRegen  0.17/turn              d - ring of flight
MPRegen  0.16/turn              l - +3 ring of evasion

@: wreathed by umbra
A: no food or potions, fire vulnerability, cold resistance 1, negative energy
resistance 3, torment resistance, unbreathing
a: Shadow Step, Renounce Religion, Evoke Flight


You were on level 6 of the Dungeon.
You worshipped Dithmenos.
Dithmenos was most pleased with you.
You were not hungry.

You visited 1 branch of the dungeon, and saw 6 of its levels.
You also visited: Sewer and Ossuary.

You collected 356 gold pieces.

Inventory:

Hand Weapons
 a - a +2 hunting sling of freezing (weapon)
 b - a +3 dagger
 h - a +0 hunting sling
 j - a +0 dagger
 z - a +0 mace
Missiles
 g - 11 sling bullets (quivered)
 y - 40 stones
Armour
 o - a +0 robe (worn)
Jewellery
 d - a ring of flight (left hand)
 l - a +3 ring of evasion (right hand)
 p - a +4 amulet of reflection (around neck)
 x - an uncursed ring of teleportation
Wands
 i - a wand of iceblast (20)
Scrolls
 e - 3 scrolls of remove curse {!r}
 f - 2 scrolls of amnesia {!r}
 k - 19 scrolls of identify {!r, unknown}
 m - 2 scrolls of noise {!r, unknown}
 n - 3 scrolls of immolation {!r}
 q - a scroll of teleportation {!r, unknown}
 r - 6 scrolls of random uselessness {!r}
 s - a scroll of holy word {!r, unknown}
 t - a scroll of magic mapping {!r, unknown}
 u - a scroll of enchant weapon {!r, unknown}
 v - a scroll of vulnerability {!r, unknown}
 w - 2 scrolls of blinking {!r, unknown}


   Skills:
 - Level 1.5 Dodging
 - Level 1.5 Stealth
 + Level 7.7 Spellcasting
 - Level 0.7 Transmutations
 * Level 7.7 Earth Magic


You had 15 spell levels left.
You knew the following spells:

 Your Spells              Type           Power        Failure   Level  Hunger
a - Sandblast             Erth           ####..       1%          1    N/A
b - Passwall              Tmut/Erth      ###.....     3%          2    N/A
e - Petrify               Tmut/Erth      ###.....     21%         4    N/A

Your spell library contained the following spells:

 Spells                   Type           Power        Failure   Level  Hunger
 Magic Dart               Conj           #...         12%         1    N/A
 Conjure Flame            Conj/Fire      #.......     34%         3    N/A
 Slow                     Hex            #.......     17%         2    N/A
 Mephitic Cloud           Conj/Pois/Air  #.......     34%         3    N/A
 Blink                    Tloc           N/A          17%         2    N/A
 Call Imp                 Summ           #.......     17%         2    N/A
 Stone Arrow              Conj/Erth      ###...       7%          3    N/A
 Lee's Rapid Deconstruct  Erth           ####......   13%         5    N/A

Dungeon Overview and Level Annotations

Branches:
Dungeon (6/15)
 Temple: D:4-7

Altars:
Dithmenos
The Shining One

Annotations:
D:5 2 runed doors, Hebeh's ghost, novice DEFE


Innate Abilities, Weirdness & Mutations

You do not eat or drink.
Your flesh is vulnerable to fire.
You are immune to poison.
Your flesh is cold resistant. (rC+)
You are immune to negative energy. (rN+++)
You are immune to unholy pain and torment.
You can survive without breathing.


Message History

The gnoll is moderately wounded.
y - 44 stones The gnoll sergeant hits you from afar with a spear!
Casting: Sandblast (safe; 1% risk of failure)
Confirm with . or Enter, or press ? or * to list all spells.
Aiming: Sandblast (safe; 1% risk of failure)
Press: ? - help, Shift-Dir - straight line, f/p - gnoll sergeant
Aim: a gnoll sergeant, wielding a spear, wearing a scale mail and wearing a shield (umbra)
The blast of sand hits the gnoll sergeant.
The gnoll sergeant is lightly wounded.
y - 43 stones The gnoll sergeant hits you from afar with a spear.
Casting: Sandblast (safe; 1% risk of failure)
Confirm with . or Enter, or press ? or * to list all spells.
Aiming: Sandblast (safe; 1% risk of failure)
Press: ? - help, Shift-Dir - straight line, f/p - gnoll sergeant
Aim: a gnoll sergeant, wielding a spear, wearing a scale mail and wearing a shield (lightly wounded, umbra)
The gnoll sergeant blocks the blast of sand.
y - 42 stones The gnoll sergeant barely misses you.
Casting: Sandblast (safe; 1% risk of failure)
Confirm with . or Enter, or press ? or * to list all spells.
Aiming: Sandblast (safe; 1% risk of failure)
Press: ? - help, Shift-Dir - straight line, f/p - gnoll sergeant
Aim: a gnoll sergeant, wielding a spear, wearing a scale mail and wearing a shield (lightly wounded, umbra)
The blast of sand hits the gnoll sergeant.
The gnoll sergeant is lightly wounded.
y - 41 stones The gnoll sergeant hits you from afar with a spear!
* * * LOW HITPOINT WARNING * * *
Casting: Sandblast (safe; 1% risk of failure)
Confirm with . or Enter, or press ? or * to list all spells.
Aiming: Sandblast (safe; 1% risk of failure)
Press: ? - help, Shift-Dir - straight line, f/p - gnoll sergeant
Aim: a gnoll sergeant, wielding a spear, wearing a scale mail and wearing a shield (lightly wounded, umbra)
The blast of sand hits the gnoll sergeant.
The gnoll sergeant is lightly wounded.
y - 40 stones The gnoll sergeant hits you from afar with a spear!
* * * LOW HITPOINT WARNING * * *
Casting: Sandblast (safe; 1% risk of failure)
Confirm with . or Enter, or press ? or * to list all spells.
Aiming: Petrify (slightly dangerous; 21% risk of failure)
Press: ? - help, Shift-Dir - straight line, f/p - gnoll sergeant
Aim: a gnoll sergeant, wielding a spear, wearing a scale mail and wearing a shield (lightly wounded, umbra, chance to defeat MR: 50%)
The gnoll sergeant resists with some effort.
The gnoll sergeant hits you from afar with a spear!
* * * LOW HITPOINT WARNING * * *
Okay, then.
Really read
n - 4 scrolls labeled ECAACUSOITU {!r}?
As you read the scroll labeled ECAACUSOITU {!r}, it crumbles to dust.
The creatures around you are filled with an inner flame!
It was a scroll of immolation {!r}.
The gnoll sergeant misses you.
Okay, then.
Really read
f - 3 scrolls labeled SATESIK FAHURO {!r}?
As you read the scroll labeled SATESIK FAHURO {!r}, it crumbles to dust.
It is a scroll of amnesia.
Okay, then.
The gnoll sergeant misses you.
An electric eel comes into view.
The gnoll misses you.
The electric eel shoots out a bolt of lightning at you!
The bolt of electricity hits you!
You die...

#≈≈≈≈≈≈≈≈≈#####≈
#≈≈≈≈≈≈≈≈≈≈≈≈≈≈;≈
#≈≈≈≈≈≈≈≈≈≈≈≈≈≈≈≈
#≈≈≈≈≈≈≈≈≈≈≈≈≈≈≈≈
#..?.............
#...............
#.##g.g......#
#....#.....#.#
####g#.gg@...#
#.#...#.#.#
#g#...#+# ..
#g#.#...... .
#.#.#.....#
#g#(#......
#...+......
#....#∩.....
##.### ....


You could see a gnoll sergeant (inner flame), an electric eel and 3 gnolls.

Vanquished Creatures
  A sky beast (D:5)
  2 phantoms
  2 ogres
  A bullfrog (Sewer)
  A scorpion (D:5)
  A howler monkey (D:4)
  A crimson imp (D:5)
  2 human zombies (Ossuary)
  A jelly (D:5)
  An orc priest (D:6)
  2 centaur skeletons (D:5)
  A hound (D:4)
  A worker ant (D:5)
  3 mummies (Ossuary)
  6 adders
  7 gnolls
  A river rat (D:5)
  A shadow imp (D:5)
  9 oozes
  5 worms
  2 dart slugs
  12 leopard geckos
  8 orcs
  18 giant cockroaches
  2 gnoll zombies
  10 goblins
  8 hobgoblins
  8 jackals
  12 kobolds
  A quokka (D:5)
  13 ball pythons
  11 bats
  18 frilled lizards
  3 goblin zombies
  2 hobgoblin zombies (Ossuary)
  A kobold zombie (Ossuary)
  An orc zombie (D:4)
  12 rats
191 creatures vanquished.

Notes
Turn   | Place    | Note
-------+----------+-------------------------------------------
     0 | D:1      | Amnesiac the Mummy Earth Elementalist began the quest for the Orb.
     0 | D:1      | Reached XP level 1. HP: 13/13 MP: 4/4
   167 | D:1      | Reached XP level 2. HP: 11/19 MP: 5/5
   171 | D:1      | Learned a level 2 spell: Passwall
  1041 | D:2      | Reached XP level 3. HP: 13/24 MP: 7/7
  1594 | D:2      | Reached XP level 4. HP: 26/30 MP: 9/9
  2396 | D:4      | Found a sand-covered staircase.
  2434 | D:4      | Reached XP level 5. HP: 22/35 MP: 11/11
  2440 | D:4      | Learned a level 4 spell: Petrify
  2729 | D:4      | Noticed an ogre
  2731 | D:4      | Noticed a phantom
  2738 | D:4      | Killed an ogre
  2738 | D:4      | Reached XP level 6. HP: 31/41 MP: 3/13
  2783 | D:4      | Reached skill level 5 in Spellcasting
  2783 | D:4      | Reached skill level 5 in Earth Magic
  2958 | Ossuary  | Entered an ossuary
  3325 | Ossuary  | Reached XP level 7. HP: 41/46 MP: 11/15
  3444 | D:5      | Entered Level 5 of the Dungeon
  3489 | D:5      | Found a shadowy altar of Dithmenos.
  3490 | D:5      | Found a runed door.
  3497 | D:5      | Became a worshipper of Dithmenos the Shadowed
  3535 | D:5      | Noticed Hebeh's ghost (novice DEFE)
  3595 | D:5      | Reached XP level 8. HP: 28/52 MP: 5/18
  3687 | D:5      | Reached * piety under Dithmenos
  3692 | D:5      | Found a glowing drain.
  3698 | Sewer    | Entered a sewer
  3981 | Sewer    | Reached ** piety under Dithmenos
  4278 | D:5      | Found a glowing golden altar of the Shining One.
  4460 | D:5      | Found a runed door.
  5851 | D:6      | Reached *** piety under Dithmenos
  5895 | D:6      | HP: 2/52 [gnoll sergeant/spear (7)]
  5905 | D:6      | Killed from afar by an electric eel

Vault maps used:
D:1:      dpeg_arrival_morbid_curiosity
D:3:      first_ration
D:4:      enter_ossuary_3, minmay_quantized
D:5:      grunt_dithmenos_smoke, gup_sewer_entry_bubbles, ebering_ghost_sewer_f,
          basic_altar, minmay_misc_feat_tower
D:6:      minmay_goblin_kobold_castle, abandoned_shop, uniq_sigmund,
          uniq_prince_ribbit1
Sewer:    sewer_frog_island_02
Ossuary:  ossuary_crypta

Skill      XL: |  1  2  3  4  5  6  7  8 |
---------------+-------------------------+-----
Spellcasting   | 3 4 5 6 7 |  7.7
Earth Magic    | 3 4 5 6 7 |  7.7
Dodging        | |  1.5
Stealth        | |  1.5
Transmutations | |  0.7

Action                   |  1- 3 |  4- 6 |  7- 9 || total
-------------------------+-------+-------+-------++-------
Melee: Mace              |    23 |       |       ||    23
 Fire: Hunting sling     |    71 |   197 |   299 ||   567
 Cast: Sandblast         |    21 |    52 |    70 ||   143
       Petrify           |       |       |     1 ||     1
  Use: Scroll            |       |       |     4 ||     4
 Stab: Sleeping          |     1 |       |       ||     1
Armor: Robe              |     7 |    16 |    16 ||    39
Dodge: Dodged            |    34 |    85 |   169 ||   288
Block: Other             |       |     7 |    44 ||    51

Table legend:
 A = Spawn XP
 B = Non-spawn XP
 C = Spawn XP percentage of total XP
 D = Spawn monster count
 E = Non-spawn monster count
 F = Spawn count percentage of total count
 G = Total turns spent on level
                    A         B        C        D         E        F      G
               +---------+---------+-------+---------+---------+-------+---------
         Total |       0 |    2128 |   0.0 |       0 |     191 |   0.0 |  5905
               +---------+---------+-------+---------+---------+-------+---------
           D:1 |       0 |      46 |   0.0 |       0 |      26 |   0.0 |  1525
           D:2 |       0 |     110 |   0.0 |       0 |      33 |   0.0 |  1167
           D:3 |       0 |      54 |   0.0 |       0 |      26 |   0.0 |   771
           D:4 |       0 |     415 |   0.0 |       0 |      16 |   0.0 |   710
           D:5 |       0 |    1078 |   0.0 |       0 |      25 |   0.0 |   755
           D:6 |       0 |      53 |   0.0 |       0 |       6 |   0.0 |    89
         Sewer |       0 |     222 |   0.0 |       0 |      48 |   0.0 |   482
       Ossuary |       0 |     150 |   0.0 |       0 |      11 |   0.0 |   406
               +---------+---------+-------+---------+---------+-------+---------
